[Event "fics rated crazyhouse match"]
[Site "fics, Oklahoma City, OK USA"]
[Date "2000.12.26"]
[White "Thufir"]
[WhiteElo "2332"]
[Black "GusMcClain"]
[BlackElo "2315"]
[TimeControl "60+0"]
[Result "1-0"]

1. e4 e6 2. d4 Nf6 3. e5 Nd5 4. Nf3 d6 5. Be2 Nc6 6. O-O 
dxe5 7. c4 exd4 8. cxd5 Qxd5 9. N@f4 Qf5 10. Na3 Bxa3 11. bxa3 P@c2 
12. Qe1 d3 13. Bxd3 Qg4 14. P@h3 Qxf4 15. Bxf4 N@d5 16. Bg3 P@f4 17. Bh4 
P@e3 18. fxe3 fxe3 19. Qxe3 Nxe3 20. B@b5 P@e7 21. Bxc6+ bxc6 22. Bxe7 Bd7 
23. Bg5 B@f6 24. Bxe3 N@d5 25. Bf2 c1=Q 26. Raxc1 Nf4 27. Bc2 Ne2+ 28. Kh1 
Nxc1 29. Rxc1 R@e2 30. N@g4 e5 31. N@c3 Bxg4 32. Nxe2 Bxf3 33. gxf3 N@f4 
34. P@d7+ Kf8 35. B@b4+ N@d6 36. Nxf4 exf4 37. R@c8+ Ke7 38. N@f5+ Kxd7 39. Nxd6 
P@g2+ 40. Kxg2 N@e3+ 41. Bxe3 fxe3 42. P@e6+ fxe6 43. Rd8+ Raxd8 44. Q@f7# 
{GusMcClain forfeits on time} 1-0

[Event "fics rated crazyhouse match"]
[Site "fics, Oklahoma City, OK USA"]
[Date "2000.12.26"]
[White "GusMcClain"]
[WhiteElo "2307"]
[Black "Thufir"]
[BlackElo "2340"]
[TimeControl "60+0"]
[Result "0-1"]

1. e4 e6 2. Nc3 Nc6 3. d4 Nf6 4. Nf3 Bb4 5. Bd3 d5 6. e5 
Ne4 7. O-O Bxc3 8. bxc3 Nxc3 9. Qd2 P@e4 10. Bxe4 Nxe4 11. Qe3 N@f5 
12. Qf4 B@e2 13. Ng5 Nxg5 14. Qxg5 Qxg5 15. Bxg5 Bxf1 16. P@e7 N@f3+ 17. Kxf1 
R@g1+ 18. Ke2 Ncxd4+ 19. Kd3 Q@c4# 
{GusMcClain checkmated} 0-1

[Event "fics rated crazyhouse match"]
[Site "fics, Oklahoma City, OK USA"]
[Date "2000.12.26"]
[White "Thufir"]
[WhiteElo "2347"]
[Black "GusMcClain"]
[BlackElo "2300"]
[TimeControl "60+0"]
[Result "0-1"]

1. e4 Nf6 2. e5 Nd5 3. d4 e6 4. Nf3 d6 5. Be2 dxe5 6. Nxe5 
Nc6 7. Nxc6 bxc6 8. N@e5 P@b7 9. O-O Bd6 10. c4 Nf6 11. Nf3 O-O 
12. P@e5 Ne4 13. exd6 cxd6 14. Nc3 f5 15. Nxe4 fxe4 16. Nd2 N@f4 17. Nxe4 
P@h3 18. Bxf4 hxg2 19. Kxg2 Rxf4 20. B@f3 N@h4+ 21. Kh1 P@g2+ 22. Bxg2 Nxg2 
23. Kxg2 Rxe4 24. Bf3 N@h4+ 25. Kh1 Rf4 26. P@g2 Rxf3 27. gxf3 B@g2+ 28. Kg1 
Nxf3+ 29. Kxg2 Nh4+ 30. Kg1 B@f3 31. P@f7+ Kxf7 32. R@f4+ P@f5 33. Rxf3 Nxf3+ 
34. Qxf3 Qg5+ 35. P@g3 B@e4 36. B@h5+ g6 37. N@h8+ Ke7 38. B@h4 Qxh4 39. gxh4 
Bxf3 40. N@g8+ Kd7 41. Nf6+ Kc7 42. N@e8+ Kb6 43. N@a4+ Ka5 44. Q@d2+ B@b4 
45. Bxf3 R@g2+ 46. Bxg2 Q@h1+ 47. Kxh1 P@b5 48. B@c7+ b6 49. Qxb4+ Ka6 50. B@c3 
Kb7 51. Q@a6+ Kxa6 52. Qxd6 Kb7 53. R@b4 a6 54. Kg1 Ka7 
{Thufir forfeits on time} 0-1

[Event "fics rated crazyhouse match"]
[Site "fics, Oklahoma City, OK USA"]
[Date "2000.12.26"]
[White "GusMcClain"]
[WhiteElo "2309"]
[Black "Thufir"]
[BlackElo "2338"]
[TimeControl "60+0"]
[Result "0-1"]

1. e4 e6 2. Nc3 Nc6 3. d4 Nf6 4. e5 Nd5 5. Nxd5 exd5 6. Nf3 
d6 7. Bb5 Bg4 8. Qe2 Bxf3 9. gxf3 dxe5 10. dxe5 N@d4 11. Bxc6+ bxc6 
12. Qd3 B@b6 13. P@g2 P@c4 14. Qd2 N@h4 15. B@h3 Nhxf3+ 16. gxf3 Nxf3+ 17. Kd1 
Nxd2 18. Bxd2 Q@f3+ 19. N@e2 Qxh1+ 20. N@g1 P@e6 21. N@a4 Bxf2 22. N@f3 Bxg1 
23. Nfxg1 N@f2+ 24. Ke1 Nxh3 25. B@f3 P@f2+ 26. Kd1 fxg1=Q+ 27. Nxg1 Qxg1+ 28. Be1 
N@f2+ 29. Kd2 B@f4+ 30. P@e3 N@f1+ 31. Ke2 P@d3+ 32. cxd3 cxd3# 
{GusMcClain checkmated} 0-1

[Event "fics rated crazyhouse match"]
[Site "fics, Oklahoma City, OK USA"]
[Date "2000.12.26"]
[White "Thufir"]
[WhiteElo "2345"]
[Black "GusMcClain"]
[BlackElo "2302"]
[TimeControl "60+0"]
[Result "1-0"]

1. e4 e6 2. d4 Nf6 3. e5 Nd5 4. Nf3 d6 5. exd6 cxd6 6. Be2 
Nc6 7. O-O Be7 8. c4 Nf6 9. Be3 O-O 10. Nc3 Nd7 11. d5 f5 
12. dxc6 bxc6 13. P@d5 exd5 14. cxd5 Ne5 15. Nxe5 dxe5 16. P@h6 Bf6 17. hxg7 
Bxg7 18. P@h6 Bh8 19. N@e6 Bxe6 20. dxe6 Qxd1 21. B@f7+ Rxf7 22. exf7+ Kxf7 
23. N@g5+ Ke7 24. Raxd1 Q@e8 25. R@f7+ Qxf7 26. Q@d7+ Kf8 27. Qxf7# 
{GusMcClain checkmated} 1-0

[Event "fics rated crazyhouse match"]
[Site "fics, Oklahoma City, OK USA"]
[Date "2000.12.26"]
[White "GusMcClain"]
[WhiteElo "2295"]
[Black "Thufir"]
[BlackElo "2352"]
[TimeControl "60+0"]
[Result "0-1"]

1. e4 e6 2. e5 Nc6 3. d4 d6 4. Nf3 dxe5 5. dxe5 Qxd1+ 6. Kxd1 
P@e4 7. Bb5 exf3 8. gxf3 Bd7 9. Bg5 Q@d5+ 10. Q@d3 Qxd3+ 11. Bxd3 Nxe5 
12. Q@e2 Nxd3 13. cxd3 N@d4 14. Qd2 P@c2+ 15. Qxc2 Nxc2 16. Kxc2 B@f6 17. Bxf6 
Nxf6 18. P@c3 B@c6 19. P@e4 Bc5 20. P@d4 Be7 21. N@e5 O-O 22. Rg1 Nh5 
23. Nd2 Bf6 24. Ng4 Bg5 25. B@e3 Bxe3 26. fxe3 B@g6 27. N@e5 f5 28. exf5 
exf5 29. Nxg6 hxg6 30. Ne5 P@h7 31. Rxg6 hxg6 32. Nxg6 R@e2 33. Ne7+ Kf7 
34. B@g6+ Kxe7 35. Bxh5 Rxd2+ 36. Kxd2 Q@f2+ 37. R@e2 Qxe2+ 38. Kxe2 Q@g2+ 39. P@f2 
Bxf3+ 40. Bxf3 Qxf3+ 41. Kxf3 B@g4+ 42. Kg2 P@f3+ 43. Kf1 N@h3 44. Ke1 R@e2+ 
45. Kd1 N@c2 46. Q@e5+ Kd8 47. B@e7+ Kc8 
{GusMcClain forfeits on time} 0-1

[Event "fics rated crazyhouse match"]
[Site "fics, Oklahoma City, OK USA"]
[Date "2000.12.26"]
[White "Thufir"]
[WhiteElo "2359"]
[Black "GusMcClain"]
[BlackElo "2288"]
[TimeControl "60+0"]
[Result "1-0"]

1. e4 d6 2. d4 e6 3. Nf3 f6 4. Nc3 Qe7 5. Bd3 Nc6 6. O-O 
e5 7. d5 Nd4 8. Nxd4 exd4 9. Nb5 c5 10. N@c7+ Kd8 11. Nxa8 N@h4 
12. Nxa7 Nxg2 13. P@c7+ Qxc7 14. R@e8+ Kxe8 15. Nxc7+ Kd7 16. Q@e8+ Kxc7 17. Nb5+ 
Kb8 18. Qxf8 Nh4 19. B@c7+ Ka8 20. Qxc8+ N@b8 21. Qxb8# 
{GusMcClain checkmated} 1-0

[Event "fics rated crazyhouse match"]
[Site "fics, Oklahoma City, OK USA"]
[Date "2000.12.26"]
[White "GusMcClain"]
[WhiteElo "2282"]
[Black "Thufir"]
[BlackElo "2365"]
[TimeControl "60+0"]
[Result "1-0"]

1. e4 e6 2. Nc3 Nc6 3. d4 Bb4 4. Nf3 Nf6 5. Bd3 d5 6. e5 
Ne4 7. O-O Bxc3 8. bxc3 Nxc3 9. Qd2 P@e4 10. Ng5 exd3 11. cxd3 N@e2+ 
12. Kh1 B@h6 13. B@h4 Ncxd4 14. P@f6 P@f3 15. Nxf3 Nxf3 16. gxf3 Bxd2 17. P@g2 
Bxc1 18. Raxc1 B@h3 19. N@e3 Nxc1 20. fxg7 Qxh4 21. gxh8=Q+ B@f8 22. P@g7 Bxg2+ 
23. Nxg2 Qe7 24. gxf8=Q+ Qxf8 25. R@g8 N@g6 26. Rxf8+ Nxf8 27. B@g7 Q@a3 28. Bxf8 
Kd7 29. Bxa3 P@h3 30. Q@e8# 
{Thufir checkmated} 1-0

[Event "fics rated crazyhouse match"]
[Site "fics, Oklahoma City, OK USA"]
[Date "2000.12.26"]
[White "Thufir"]
[WhiteElo "2355"]
[Black "GusMcClain"]
[BlackElo "2292"]
[TimeControl "60+0"]
[Result "1-0"]

1. e4 d6 2. d4 e6 3. Nc3 Nf6 4. Nf3 Nc6 5. Bd3 e5 6. dxe5 
dxe5 7. P@d5 Bd6 8. dxc6 bxc6 9. N@f5 Bxf5 10. exf5 P@b4 11. Ne4 Nxe4 
12. Bxe4 N@f6 13. Bxc6+ P@d7 14. Bxa8 Qxa8 15. P@g5 Ng4 16. B@d5 B@c6 17. Bxc6 
dxc6 18. N@h5 Rg8 19. f6 Nxf2 20. Kxf2 N@e4+ 21. Kf1 B@g4 22. B@e3 Bxh5 
23. fxg7 Rxg7 24. N@f6+ Nxf6 25. gxf6 Rxg2 26. N@g7+ Rxg7 27. fxg7 P@g2+ 28. Kxg2 
P@h3+ 29. Kf2 N@g4+ 30. Ke1 N@g2+ 31. Ke2 N@f4+ 32. Bxf4 Nxf4+ 33. Bxf4 exf4 
34. R@g8+ B@f8 35. gxf8=Q+ Bxf8 36. B@d7+ Ke7 37. N@f5+ Kf6 38. N@e4# 
{GusMcClain checkmated} 1-0

[Event "fics rated crazyhouse match"]
[Site "fics, Oklahoma City, OK USA"]
[Date "2000.12.26"]
[White "GusMcClain"]
[WhiteElo "2285"]
[Black "Thufir"]
[BlackElo "2362"]
[TimeControl "60+0"]
[Result "0-1"]

1. e4 e6 2. Nc3 Nc6 3. d4 Bb4 4. Nf3 Nf6 5. Bd3 d5 6. e5 
Ne4 7. O-O Bxc3 8. bxc3 Nxc3 9. Qd2 P@e4 10. Ng5 exd3 11. cxd3 N@e2+ 
12. Kh1 B@e7 13. B@h4 h6 14. Nxf7 Kxf7 15. P@g6+ Kxg6 16. P@h5+ Kxh5 17. Bxe7 
Qxe7 18. B@f3+ Kg6 19. Bxe2 Nxe2 20. Qxe2 Kf7 21. N@f4 B@f5 22. N@g3 Nxd4 
23. Qe3 N@g4 24. Qxd4 B@c5 25. Nxf5 exf5 26. B@g6+ Kf8 27. N@e6+ Bxe6 28. Nxe6+ 
Qxe6 29. Qxc5+ P@e7 30. Qxc7 Qxg6 31. B@h3 P@f3 32. B@b4 B@h4 33. Bca3 Re8 
34. Bxe7+ Bxe7 35. Bxe7+ Rxe7 36. Qd8+ N@e8 37. Qxe7+ Kxe7 38. B@d6+ Nxd6 39. exd6+ 
Qxd6 40. Bxg4 fxg2+ 41. Kxg2 P@f3+ 42. Bxf3 N@h4+ 43. Kh1 Nxf3 44. P@g2 Kd7 
45. R@b5 N@h3 46. N@d1 Kc8 47. P@d7+ Kxd7 48. N@b6+ Kc7 49. P@e6 axb6 50. Rxb6 
Qxb6 
{GusMcClain forfeits on time} 0-1

[Event "fics rated crazyhouse match"]
[Site "fics, Oklahoma City, OK USA"]
[Date "2000.12.26"]
[White "Thufir"]
[WhiteElo "2368"]
[Black "GusMcClain"]
[BlackElo "2279"]
[TimeControl "60+0"]
[Result "1-0"]

1. e4 e6 2. d4 Nf6 3. e5 Nd5 4. Nf3 d6 5. exd6 cxd6 6. Be2 
Nc6 7. O-O Be7 8. c4 Nf6 9. Nc3 O-O 10. P@e5 Nd7 11. exd6 Bxd6 
12. P@e5 Be7 13. Ne4 f5 14. exf6 Nxf6 15. Nxf6+ Bxf6 16. P@e5 Be7 17. Be3 
P@f4 18. Bxf4 Rxf4 19. P@d6 Bxd6 20. exd6 Qxd6 21. B@e5 Nxe5 22. dxe5 Qf8 
23. N@h5 Rxf3 24. Bxf3 N@h4 25. N@f6+ gxf6 26. Nxf6+ Kf7 27. Nxh7 Qg7 28. R@f6+ 
Ke8 29. P@f7+ Qxf7 30. Rxf7 Nxf3+ 31. Qxf3 N@e2+ 32. Kh1 B@e7 33. Rxe7+ Kxe7 
34. Q@f7+ Kd8 35. B@f6+ P@e7 36. Qxe7# 
{GusMcClain checkmated} 1-0

[Event "fics rated crazyhouse match"]
[Site "fics, Oklahoma City, OK USA"]
[Date "2000.12.26"]
[White "GusMcClain"]
[WhiteElo "2273"]
[Black "Thufir"]
[BlackElo "2374"]
[TimeControl "60+0"]
[Result "0-1"]

1. e4 e6 2. Nc3 Nc6 3. d4 Bb4 4. Nf3 Nf6 5. Bd3 d5 6. O-O 
Bxc3 7. bxc3 dxe4 8. Bxe4 Nxe4 9. Ne5 Nxc3 10. Nxc6 bxc6 11. Qg4 N@f5 
12. N@h5 P@g6 13. Nxg7+ Nxg7 14. B@e5 P@f6 15. Bxf6 Qxf6 16. Bg5 N@f3+ 17. Kh1 
Nxg5 18. P@e5 Qf5 19. Qxf5 Nxf5 20. Q@f6 B@g7 21. Qxg5 N@e4 22. N@f6+ Kf8 
23. Nxe4 Nxe4 24. Qd8+ N@e8 25. P@f6 Bxf6 26. exf6 Nxf6 27. B@h6+ Nxh6 28. P@e7+ 
Kg7 29. Rae1 P@h3 30. N@h4 B@d5 31. f3 hxg2+ 32. Nxg2 P@h3 33. Rf2 hxg2+ 
34. Kxg2 B@h3+ 35. Kg1 N@f4 36. P@g2 Bxf3 37. Rxf3 Bxg2 38. Rg3 Q@h1+ 39. Kf2 
B@h4 40. Qxe8 Bxg3+ 41. hxg3 R@f3# 
{GusMcClain checkmated} 0-1

[Event "fics rated crazyhouse match"]
[Site "fics, Oklahoma City, OK USA"]
[Date "2000.12.26"]
[White "Thufir"]
[WhiteElo "2385"]
[Black "JiggaB"]
[BlackElo "2234"]
[TimeControl "60+0"]
[Result "1-0"]

1. e4 Nc6 2. d4 e6 3. e5 Nf6 4. exf6 Qxf6 5. Nf3 Qd8 6. Nc3 
Be7 7. Be2 d5 8. Be3 P@b4 9. Nb5 Bd7 10. N@h5 Rg8 11. O-O a6 
12. Nxc7+ Qxc7 13. P@e5 N@e4 14. Bd3 O-O-O 15. Bxe4 dxe4 16. Nd2 B@g6 17. Ng3 
Kb8 18. Ndxe4 Bxe4 19. Nxe4 f5 20. exf6 gxf6 21. P@c5 P@h3 22. B@f3 hxg2 
23. Bxg2 N@h4 24. P@g3 Nxg2 25. Kxg2 B@d5 26. P@f3 P@g4 27. N@f4 Bxe4 28. fxe4 
e5 29. dxe5 fxe5 30. P@b6 P@f3+ 31. Kh1 exf4 32. bxc7+ Kxc7 33. B@b6+ Kb8 
34. h3 gxh3 35. Qxf3 P@g2+ 36. Kh2 N@g4+ 37. Kxh3 Nxe3+ 38. P@f5 gxf1=Q+ 39. Rxf1 
R@h6+ 40. P@h4 P@g4+ 41. Qxg4 B@g2+ 42. Kh2 Nxg4+ 43. Kxg2 f3+ 44. Kxf3 N@e5+ 
45. Ke2 Q@f3+ 46. Kd2 Nd4 47. P@c7# 
{JiggaB forfeits on time} 1-0

[Event "fics rated crazyhouse match"]
[Site "fics, Oklahoma City, OK USA"]
[Date "2000.12.26"]
[White "JiggaB"]
[WhiteElo "2229"]
[Black "Thufir"]
[BlackElo "2390"]
[TimeControl "60+0"]
[Result "1-0"]

1. e4 e6 2. Nc3 Nc6 3. d4 Bb4 4. Be3 Nf6 5. Bd3 d5 6. e5 
Ne4 7. Nh3 Bxc3+ 8. bxc3 Nxc3 9. Qd2 N@e4 10. Bxe4 Nxe4 11. Qe2 B@c3+ 
12. B@d2 Bxa1 13. O-O P@c3 14. Rxa1 cxd2 15. Bxd2 Nxd2 16. Qxd2 B@f5 17. B@g5 
B@e7 18. Bxe7 Qxe7 19. B@g5 Qd7 20. N@c5 Bxh3 21. Nxd7 Bxd7 22. P@b5 Bxg2 
23. bxc6 N@f3+ 24. Kxg2 P@h3+ 25. Kxf3 B@h5+ 26. B@g4 Bxg4+ 27. Kxg4 B@f5+ 28. Kf3 
f6 29. cxd7+ Kxd7 30. N@c5+ Kc8 31. Q@d7+ Kb8 32. N@c6+ bxc6 33. N@a6# 
{Thufir checkmated} 1-0

[Event "fics rated crazyhouse match"]
[Site "fics, Oklahoma City, OK USA"]
[Date "2000.12.26"]
[White "Thufir"]
[WhiteElo "2379"]
[Black "JiggaB"]
[BlackElo "2240"]
[TimeControl "60+0"]
[Result "1-0"]

1. e4 e6 2. d4 Nc6 3. Nf3 Nf6 4. e5 Nd5 5. Be2 d6 6. exd6 
cxd6 7. O-O P@e4 8. Ne1 Be7 9. c4 Nb6 10. Nc3 f5 11. d5 exd5 
12. cxd5 Ne5 13. P@e6 O-O 14. P@f4 Ng4 15. Bxg4 fxg4 16. Qxg4 P@f3 17. gxf3 
exf3 18. Nxf3 B@g6 19. P@f7+ Kh8 20. P@g5 P@f5 21. Qh4 h6 22. P@f6 Bxf6 
23. gxf6 Qxf6 24. Qxf6 gxf6 25. Nh4 P@h7 26. B@g2 P@g5 27. fxg5 fxg5 28. Nxg6+ 
hxg6 29. B@f6+ P@g7 30. N@e8 gxf6 31. Q@g7# 
{JiggaB checkmated} 1-0

[Event "fics rated crazyhouse match"]
[Site "fics, Oklahoma City, OK USA"]
[Date "2000.12.26"]
[White "JiggaB"]
[WhiteElo "2235"]
[Black "Thufir"]
[BlackElo "2384"]
[TimeControl "60+0"]
[Result "0-1"]

1. e4 e6 2. Nc3 Nc6 3. d4 Bb4 4. Be3 Nf6 5. Bd3 d5 6. e5 
Ne4 7. Bxe4 dxe4 8. Nh3 B@f5 9. Nf4 Bxc3+ 10. bxc3 N@g4 11. Nh5 Rg8 
12. B@g5 Nxe3 13. fxe3 Qxg5 14. N@f6+ gxf6 15. Nxf6+ Kd8 16. Nxg8 Qxe3+ 17. Qe2 
P@f2+ 18. Kf1 N@d2+ 19. Qxd2 Qxd2 20. R@f8+ B@e8 21. Rxe8+ Kxe8 22. N@f6+ Kd8 
23. P@e7+ Nxe7 24. Nxe7 Q@e2# 
{JiggaB checkmated} 0-1

[Event "fics rated crazyhouse match"]
[Site "fics, Oklahoma City, OK USA"]
[Date "2000.12.26"]
[White "Thufir"]
[WhiteElo "2389"]
[Black "JiggaB"]
[BlackElo "2230"]
[TimeControl "60+0"]
[Result "1-0"]

1. e4 e6 2. d4 Nc6 3. Nc3 Nf6 4. e5 Nd5 5. Nxd5 exd5 6. Bb5 
d6 7. Qe2 Be6 8. exd6 cxd6 9. P@f5 P@d7 10. fxe6 dxe6 11. B@a4 P@d7 
12. Bxc6 bxc6 13. N@h5 B@g6 14. Nf4 N@e4 15. Be3 Be7 16. N@h5 Rg8 17. Nxg6 
fxg6 18. Nf4 N@c4 19. Nxe6 dxe6 20. Bxc6+ N@d7 21. Bxd7+ Qxd7 22. P@d3 Nxb2 
23. dxe4 B@c4 24. P@d3 Ba6 25. exd5 exd5 26. Bg5 P@f6 27. P@e6 Qc7 28. B@f7+ 
Kd8 29. Bxg8 Kc8 30. N@f7 Rb8 31. Bxf6 gxf6 32. P@d7+ Kb7 33. N@e8 B@a5+ 
34. Kf1 Qb6 35. R@b3 P@b4 36. a3 bxa3 37. Rxb6+ Bxb6 38. Nfxd6+ Ka8 39. P@c7 
Bxc7 40. Nxc7# 
{JiggaB checkmated} 1-0

[Event "fics rated crazyhouse match"]
[Site "fics, Oklahoma City, OK USA"]
[Date "2000.12.26"]
[White "JiggaB"]
[WhiteElo "2225"]
[Black "Thufir"]
[BlackElo "2394"]
[TimeControl "60+0"]
[Result "1-0"]

1. e4 e6 2. d4 Nc6 3. Nf3 Nf6 4. Nc3 d5 5. e5 Ne4 6. Be3 
Bb4 7. Bd2 Nxd2 8. Qxd2 B@e4 9. Ng5 Nxd4 10. Nxf7 Nxc2+ 11. Qxc2 Bxc2 
12. Nxd8 P@d2+ 13. Kxd2 Bxc3+ 14. bxc3 N@e4+ 15. Kxc2 Q@d2+ 16. Kb3 P@c4+ 17. Ka4 
Nxc3+ 18. Ka3 Nb5+ 19. Ka4 Nc3+ 20. Ka3 P@b4+ 21. Kxb4 a5+ 22. Kc5 b6+ 
23. Kc6 Bd7+ 24. Kxc7 Rc8+ 25. Kb7 Kxd8 26. B@h4+ g5 27. Q@f6+ N@e7 28. N@f7+ 
Ke8 29. Nd6+ Kd8 30. N@f7# 
{Thufir checkmated} 1-0

[Event "fics rated crazyhouse match"]
[Site "fics, Oklahoma City, OK USA"]
[Date "2000.12.26"]
[White "Thufir"]
[WhiteElo "2382"]
[Black "JiggaB"]
[BlackElo "2237"]
[TimeControl "60+0"]
[Result "1-0"]

1. e4 Nc6 2. d4 e6 3. Nf3 Nf6 4. e5 Ne4 5. Be2 Bb4+ 6. c3 
Be7 7. O-O b6 8. Nbd2 Nxd2 9. Bxd2 Bb7 10. N@h5 Rg8 11. Ng3 N@f5 
12. Nxf5 exf5 13. d5 Nb8 14. c4 N@e4 15. Bd3 d6 16. exd6 Nxd6 17. P@e6 
fxe6 18. dxe6 P@f7 19. exf7+ Nxf7 20. P@e6 Nd6 21. P@f7+ Kf8 22. Bf4 P@g6 
23. Bxd6 cxd6 24. fxg8=Q+ Kxg8 25. N@f7 B@h8 26. Nxd8 Bd5 27. Q@f7# 
{JiggaB checkmated} 1-0

[Event "fics rated crazyhouse match"]
[Site "fics, Oklahoma City, OK USA"]
[Date "2000.12.26"]
[White "JiggaB"]
[WhiteElo "2232"]
[Black "Thufir"]
[BlackElo "2387"]
[TimeControl "60+0"]
[Result "0-1"]

1. d4 e6 2. Nc3 Nc6 3. Nf3 Nf6 4. Bf4 Bb4 5. Be5 Nxe5 6. dxe5 
Nd5 7. N@e4 B@a5 8. Qd3 d6 9. exd6 cxd6 10. e3 P@f5 11. Neg5 Nxc3 
12. bxc3 Bxc3+ 13. P@d2 Bxa1 14. Nxf7 Kxf7 15. N@g5+ Ke7 16. P@e5 R@b1+ 17. Ke2 
N@c1+ 18. Kd1 Nxd3# 
{JiggaB resigns} 0-1

[Event "fics rated crazyhouse match"]
[Site "fics, Oklahoma City, OK USA"]
[Date "2000.12.26"]
[White "GusMcClain"]
[WhiteElo "2252"]
[Black "pminear"]
[BlackElo "2528"]
[TimeControl "60+0"]
[Result "0-1"]

1. e4 e5 2. Nc3 Nc6 3. Nf3 Bc5 4. Bc4 Nf6 5. d3 O-O 6. O-O 
d6 7. Bg5 Bg4 8. Bxf6 Qxf6 9. Nd5 Qh6 10. N@f5 Bxf5 11. exf5 B@g4 
12. B@e2 Bxf5 13. Nd2 Nd4 14. Ne4 Nxe2+ 15. Qxe2 N@d4 16. N@e7+ Kh8 17. Qe1 
Bxe4 18. Qxe4 P@f3 19. B@h3 N@e2+ 20. Kh1 Qxh3 21. Ne3 fxg2+ 22. Nxg2 B@f3 
23. Qxf3 Nxf3 24. P@g3 Qxh2# 
{GusMcClain checkmated} 0-1

[Event "fics rated crazyhouse match"]
[Site "fics, Oklahoma City, OK USA"]
[Date "2000.12.26"]
[White "pminear"]
[WhiteElo "2531"]
[Black "GusMcClain"]
[BlackElo "2249"]
[TimeControl "60+0"]
[Result "1-0"]

1. e4 Nf6 2. e5 Nd5 3. d4 e6 4. Nf3 d6 5. Be2 Nc6 6. O-O 
dxe5 7. Nxe5 Be7 8. c4 Nf6 9. Nxc6 bxc6 10. Nc3 O-O 11. P@h6 gxh6 
12. Bxh6 N@h4 13. Bxf8 Qxf8 14. P@e5 Ne8 15. R@g4+ Ng6 16. Ne4 P@f5 17. N@f6+ 
Bxf6 18. Nxf6+ Nxf6 19. Rxg6+ fxg6 20. exf6 Qxf6 21. B@e5 Qf7 22. N@h6+ Kf8 
23. Nxf7 R@g8 24. Q@f6 B@e7 25. Qxe7+ Kxe7 26. Nh6 Re8 27. B@g5+ Kf8 28. Bxc7 
P@g7 29. P@e7+ Rxe7 30. Bxe7+ Kxe7 31. R@f7+ Ke8 32. N@d6# 
{GusMcClain checkmated} 1-0

[Event "fics rated crazyhouse match"]
[Site "fics, Oklahoma City, OK USA"]
[Date "2000.12.26"]
[White "GusMcClain"]
[WhiteElo "2246"]
[Black "pminear"]
[BlackElo "2534"]
[TimeControl "60+0"]
[Result "0-1"]

1. e4 e5 2. Nc3 Nc6 3. Nf3 Bc5 4. Bc4 Nf6 5. d3 O-O 6. Bg5 
Bxf2+ 7. Kf1 Bc5 8. Nd5 Nxd5 9. Bxd5 Qxg5 10. Nxg5 N@e3+ 11. Ke2 Nxd1 
12. Kxd1 P@e2+ 13. Kc1 B@f4+ 14. N@d2 Bxg5 15. Bxc6 Bxd2+ 16. Kxd2 Q@e3+ 17. Ke1 
N@f3+ 18. gxf3 N@g2# 
{GusMcClain checkmated} 0-1

[Event "fics rated crazyhouse match"]
[Site "fics, Oklahoma City, OK USA"]
[Date "2000.12.26"]
[White "pminear"]
[WhiteElo "2537"]
[Black "GusMcClain"]
[BlackElo "2243"]
[TimeControl "60+0"]
[Result "1-0"]

1. e4 Nf6 2. e5 Nd5 3. d4 e6 4. Nf3 d6 5. Be2 Nc6 6. O-O 
dxe5 7. Nxe5 Nxe5 8. dxe5 Be7 9. N@h5 Rg8 10. c4 Nb6 11. P@f6 gxf6 
12. Qxd8+ Bxd8 13. Ng3 fxe5 14. c5 Nd5 15. Nc3 Nxc3 16. bxc3 P@f4 17. N@h6 
Rg6 18. Q@h8+ N@f8 19. Bh5 fxg3 20. Bxg6 gxh2+ 21. Kh1 N@g3+ 22. fxg3 Q@g1+ 
23. Rxg1 hxg1=Q+ 24. Kxg1 P@h2+ 25. Kxh2 N@f1+ 26. Kh3 R@h2+ 27. Kg4 P@f5+ 28. Kf3 
e4+ 29. Kf2 e3+ 30. Kxf1 Rh1+ 31. Ke2 Re1+ 32. Kxe1 P@d2+ 33. Ke2 dxc1=Q 
34. Rxc1 
{GusMcClain forfeits on time} 1-0

[Event "fics rated crazyhouse match"]
[Site "fics, Oklahoma City, OK USA"]
[Date "2000.12.26"]
[White "GusMcClain"]
[WhiteElo "2241"]
[Black "pminear"]
[BlackElo "2539"]
[TimeControl "60+0"]
[Result "0-1"]

1. e4 e5 2. d4 Nc6 3. dxe5 Nxe5 4. Nc3 Nf6 5. Nf3 Neg4 6. Bc4 
P@e6 7. O-O Bc5 8. h3 Nxf2 9. Rxf2 P@g3 10. P@e3 gxf2+ 11. Kxf2 Bb4 
12. Ne5 Bxc3 13. bxc3 Nxe4+ 14. Kg1 P@f2+ 15. Kh2 R@e1 16. Qg4 Qg5 17. Qxg5 
Nxg5 18. Ba3 N@f3+ 19. Nxf3 Nxf3+ 20. Kg3 N@f5+ 21. Kxf3 Q@g3+ 22. Ke4 Qxe3# 
{GusMcClain checkmated} 0-1

[Event "fics rated crazyhouse match"]
[Site "fics, Oklahoma City, OK USA"]
[Date "2000.12.26"]
[White "pminear"]
[WhiteElo "2541"]
[Black "GusMcClain"]
[BlackElo "2239"]
[TimeControl "60+0"]
[Result "0-1"]

1. e4 d5 2. exd5 Nf6 3. Bb5+ c6 4. dxc6 bxc6 5. Be2 e5 6. Nf3 
Nbd7 7. Nc3 Bc5 8. d3 Ng4 9. O-O Nxf2 10. Rxf2 Bxf2+ 11. Kxf2 P@f4 
12. Kg1 P@g3 13. hxg3 fxg3 14. B@h4 P@f2+ 15. Kf1 Qxh4 16. N@d6+ Kf8 17. P@h3 
R@h1+ 18. Ng1 Rxg1# 
{pminear checkmated} 0-1

[Event "fics rated crazyhouse match"]
[Site "fics, Oklahoma City, OK USA"]
[Date "2000.12.26"]
[White "TheLongOne"]
[WhiteElo "2044"]
[Black "pminear"]
[BlackElo "2538"]
[TimeControl "60+0"]
[Result "0-1"]

1. e4 e5 2. Nf3 Nc6 3. Bc4 Bc5 4. Bxf7+ Kxf7 5. d4 B@f6 6. P@d5 
Nxd4 7. Nxd4 Bxd4 8. c3 Bc5 9. Nd2 N@d3+ 10. Kf1 Nxf2 11. Qf3 Nxh1 
12. N@g5+ Kf8 
{TheLongOne resigns} 0-1

[Event "fics rated crazyhouse match"]
[Site "fics, Oklahoma City, OK USA"]
[Date "2000.12.26"]
[White "pminear"]
[WhiteElo "2539"]
[Black "TheLongOne"]
[BlackElo "2043"]
[TimeControl "60+0"]
[Result "1-0"]

1. e4 e5 2. Nf3 Nc6 3. Bc4 Nf6 4. Ng5 d5 5. exd5 Na5 6. Bb5+ 
Bd7 7. Bxd7+ Qxd7 8. P@e6 Qxd5 9. exf7+ Kd8 10. B@f3 P@e4 11. Nc3 exf3 
12. Nxd5 fxg2 13. Rg1 B@c6 14. Nxf6 gxf6 15. Ne6+ Ke7 16. Nxf8 N@f3+ 17. Qxf3 
Bxf3 18. N@f5+ Kxf7 19. Q@e7+ Kg8 20. Qg7# 
{TheLongOne checkmated} 1-0

[Event "fics rated crazyhouse match"]
[Site "fics, Oklahoma City, OK USA"]
[Date "2000.12.26"]
[White "TheLongOne"]
[WhiteElo "2042"]
[Black "pminear"]
[BlackElo "2540"]
[TimeControl "60+0"]
[Result "0-1"]

1. e4 e5 2. Nf3 Nc6 3. Bc4 Bc5 4. O-O Nf6 5. d3 O-O 6. h3 
d6 7. Nc3 Nd4 8. Ne2 Nxf3+ 9. gxf3 Bxh3 10. Ng3 P@f4 11. Nf5 N@g3 
12. N@h6+ gxh6 13. Nxh6+ Kg7 14. P@g5 Bxf1 15. gxf6+ Qxf6 16. N@f5+ Kh8 17. Nxg3 
fxg3 18. N@g4 gxf2+ 19. Kxf1 R@g1+ 20. Ke2 N@g3+ 21. Kd2 Rxd1+ 22. Kxd1 Q@e2# 
{TheLongOne checkmated} 0-1

[Event "fics rated crazyhouse match"]
[Site "fics, Oklahoma City, OK USA"]
[Date "2000.12.26"]
[White "pminear"]
[WhiteElo "2541"]
[Black "TheLongOne"]
[BlackElo "2041"]
[TimeControl "60+0"]
[Result "1-0"]

1. e4 e5 2. Nf3 Nc6 3. Bc4 Bc5 4. O-O Nf6 5. Nc3 d6 6. d3 
h6 7. Nd5 Be6 8. Nxc7+ Qxc7 9. P@d5 Bg4 10. dxc6 bxc6 11. N@e3 Bh5 
12. Nf5 Rg8 13. Be3 P@d4 14. Bd2 N@g4 15. h3 Nxf2 16. Rxf2 P@e3 17. Rf1 
exd2 18. N@a6 Qd8 19. Nxc5 dxc5 20. B@d6 B@e3+ 21. Nxe3 dxe3 22. Bxe5 N@f2 
23. Rxf2 exf2+ 24. Kxf2 N@g4+ 25. hxg4 Nxg4+ 26. Kf1 Nxe5 27. Qxd2 B@d4 28. Nxd4 
Qxd4 29. P@d7+ Kxd7 30. N@f6+ Kc7 31. B@d6+ Kb7 32. Qf2 
{TheLongOne forfeits on time} 1-0

[Event "fics rated crazyhouse match"]
[Site "fics, Oklahoma City, OK USA"]
[Date "2000.12.26"]
[White "GusMcClain"]
[WhiteElo "2241"]
[Black "pminear"]
[BlackElo "2542"]
[TimeControl "60+0"]
[Result "0-1"]

1. e4 e5 2. Nc3 Nc6 3. Nf3 Bc5 4. d3 Nf6 5. Be2 O-O 6. O-O 
d5 7. exd5 Nxd5 8. Ne4 Be7 9. Be3 f5 10. Ng3 f4 11. Nh5 fxe3 
12. fxe3 Nxe3 13. Qd2 B@h6 14. Qc3 P@d4 15. Qb3+ P@e6 16. P@f2 Nxf1 17. Rxf1 
Qe8 18. N@g4 Qxh5 19. Nxh6+ Qxh6 20. B@g4 N@f4 21. Bd1 N@e2+ 22. Kh1 R@g6 
23. P@h3 Nxh3 24. Nxe5 Nxf2+ 25. Rxf2 Ng3+ 26. Kg1 Rxf2 27. Kxf2 Qe3# 
{GusMcClain checkmated} 0-1